Map: World of Sleepers LE

Players

Mez - Winner!

  • Race: Terran Terran
  • League: Master
  • Spawn Location: 1:00

IIIIIIIIIIII

  • Race: Zerg Zerg
  • League: Diamond
  • Spawn Location: 7:00

VOD

Have the link to the VOD?

Description

Time

  • Played on: Aug. 30, 2019, 12:44 a.m.
  • Length: 11:20
Show
View Real Time Build Order
Export as new Build Order

Mez Terran - Winner!

Build Orders: Liberator Opening, Reaper Expand 

Get SALT Encoding   

  12  0:00  SCV  
  13  0:12  SCV  
  14  0:17  Supply Depot  
  14  0:25  SCV  
  15  0:39  SCV  
  15  0:40  Barracks  
  16  0:45  Refinery  
  16  0:51  SCV  
  17  1:03  SCV  
  18  1:15  SCV  
  19  1:29  Reaper  
  19  1:30  Orbital Command  
  20  1:40  Command Center  
  20  1:48  Supply Depot  
  20  1:56  SCV  
  21  2:03  Marine  
  22  2:09  SCV  
  22  2:11  Factory  
  22  2:15  Refinery  
  23  2:21  SCV  
  24  2:26  Barracks Reactor  
  24  2:34  SCV  
  25  2:47  SCV  
  26  2:53  Orbital Command  
  26  2:58  Starport  
  26  3:00  Supply Depot  
  26  3:01  SCV  
  27  3:07  Hellion  
  27  3:10  Hellion  
  27  3:11  Barracks Tech Lab  
  31  3:13  SCV  
  32  3:21  SCV  
  32  3:22  Liberator  
  32  3:25  SCV  
  34  3:29  Hellion  
  34  3:31  Hellion  
  34  3:33  SCV  
  39  3:37  SCV  
  43  3:45  SCV  
  44  3:49  Supply Depot  
  44  3:51  SCV  
  45  3:57  SCV  
  45  4:00  Marine  
  45  4:01  Stimpack  
  47  4:03  SCV  
  47  4:09  Factory Tech Lab, SCV  
  49  4:20  Command Center  
  49  4:23  SCV x2  
  51  4:26  Supply Depot  
  51  4:35  SCV x2  
  52  4:38  Marine, Siege Tank  
  52  4:44  Starport Reactor  
  56  4:47  Barracks  
  56  4:49  Barracks  
  56  4:50  SCV  
  56  4:51  SCV  
  58  4:58  Marine  
  59  5:01  Supply Depot  
  59  5:06  SCV  
  60  5:07  Engineering Bay  
  60  5:09  Engineering Bay  
  60  5:12  SCV  
  53  5:16  Siege Tank  
  53  5:17  Marine  
  53  5:18  SCV  
  58  5:24  SCV  
  58  5:34  SCV  
  59  5:37  SCV  
  59  5:38  Orbital Command  
  60  5:43  Combat Shield  
  60  5:46  SCV  
  60  5:48  Marine x4  
  60  5:49  Marine, Starport Reactor, SCV  
  64  5:56  Terran Infantry Armor Level 1, Terran Infantry Weapons Level 1  
  64  5:58  SCV  
  65  6:06  Marine x4  
  61  6:16  SCV x2  
  61  6:18  Supply Depot, Refinery  
  63  6:19  Marine, Siege Tank, Supply Depot, Refinery  
  63  6:24  Marine x2  
  63  6:25  Barracks x2  
  69  6:29  Supply Depot  
  68  6:34  Marine x2  
  68  6:37  Marine  
  71  6:48  SCV x2  
  73  6:56  Orbital Command, Armory  
  73  6:57  Marine x5  
  73  6:58  Medivac  
  73  6:59  Medivac, Supply Depot  
  85  7:08  Siege Tank  
  85  7:12  SCV x2  
  85  7:15  Marine, Barracks Reactor x2  
  88  7:24  SCV x2  
  88  7:28  Marine x4  
  88  7:29  Medivac  
  96  7:32  Supply Depot  
  96  7:33  Medivac  
  96  7:35  SCV  
  96  7:36  SCV x2  
  101  7:41  Refinery  
  101  7:43  Refinery  
  101  7:46  Marine x3  
  101  7:47  Marine, SCV, Supply Depot  
  106  7:55  Supply Depot  
  106  7:57  Marine x2, SCV x2  
  110  7:59  SCV  
  111  8:08  Siege Tank  
  111  8:10  SCV x2  
  116  8:16  Command Center  
  116  8:19  Terran Infantry Weapons Level 2  
  120  8:21  Barracks  
  120  8:22  Terran Infantry Armor Level 2, Barracks x2  
  117  8:29  Supply Depot  
  117  8:32  Supply Depot x2  
  117  8:33  Supply Depot  
  116  8:40  Marine  
  116  8:41  Marine x8  
  121  8:42  Siege Tank  
  121  8:43  Medivac x2  
  132  8:50  Factory  
  132  8:53  Supply Depot  
  132  8:58  Marine  
  132  8:59  Marine x6  
  139  9:05  Marine x2  
  139  9:07  Marine  
  142  9:13  Medivac x2  
  142  9:16  Marine x4  
  124  9:30  Marine x5  
  118  9:33  Siege Tank  
  118  9:34  Marine x4  
  118  9:35  Factory Tech Lab  
  118  9:37  Barracks Tech Lab x3  
  115  9:50  Medivac x2  
  114  10:03  Marine x9, Marauder x3  
  114  10:06  Planetary Fortress  
  132  10:14  Siege Tank x2  
  132  10:21  Marine x5  
  136  10:23  Marine x2  
  135  10:37  Medivac x2  
  135  10:38  Marine x6  
  135  10:39  Marine  
  146  10:47  Marine  
  146  10:48  Marine x4  
  151  10:56  Marine x3  
  153  11:00  Marine x4  
Show
View Real Time Build Order
Export as new Build Order

IIIIIIIIIIII Zerg 

Build Orders: Hatch First, Muta Ling Bane 

Get SALT Encoding   

  12  0:02  Drone  
  13  0:12  Overlord  
  13  0:16  Drone  
  14  0:31  Drone x2  
  14  0:34  Drone  
  17  0:52  Hatchery  
  17  0:54  Drone  
  17  1:07  Spawning Pool  
  17  1:10  Drone  
  17  1:12  Extractor  
  17  1:15  Drone  
  17  1:19  Drone  
  18  1:30  Drone  
  19  1:41  Overlord  
  19  1:50  Drone  
  20  1:54  Queen  
  20  2:01  Zergling x2  
  23  2:04  Queen  
  23  2:05  Drone  
  26  2:12  Drone  
  27  2:17  Metabolic Boost  
  27  2:23  Zergling x2, Drone  
  29  2:30  Queen  
  29  2:32  Drone  
  31  2:38  Drone  
  31  2:39  Drone  
  33  2:50  Drone x2  
  35  3:09  Hatchery  
  35  3:10  Lair  
  34  3:16  Overlord  
  34  3:17  Overlord x3  
  34  3:44  Drone x4  
  34  3:45  Drone x5  
  43  3:53  Extractor, Evolution Chamber  
  41  3:57  Drone x2  
  41  3:58  Drone  
  44  4:03  Zergling x4  
  44  4:07  Pneumatized Carapace  
  46  4:14  Zergling x4  
  48  4:22  Queen  
  48  4:23  Zergling x6  
  48  4:24  Zergling x4  
  55  4:29  Baneling Nest  
  55  4:31  Zerg Melee Weapons Level 1  
  54  4:37  Zergling x10  
  54  4:38  Zergling x2  
  60  4:50  Overlord  
  60  4:51  Overlord x2  
  60  4:55  Drone  
  60  4:58  Drone x2  
  61  5:13  Drone  
  61  5:14  Drone x4  
  61  5:28  Zergling x2  
  61  5:29  Zergling x10  
  61  5:34  Baneling x6  
  61  5:35  Baneling  
  67  5:37  Zergling x6  
  54  6:17  Drone x6  
  54  6:18  Drone x3  
  62  6:20  Extractor  
  62  6:21  Extractor  
  62  6:23  Spire  
  59  6:26  Extractor, Drone x2  
  59  6:27  Drone  
  61  6:34  Hatchery  
  61  6:36  Drone x2  
  61  6:37  Drone x2  
  61  6:38  Drone  
  65  6:47  Centrifical Hooks  
  65  6:51  Baneling x5  
  65  6:52  Baneling x2  
  65  6:56  Zergling x12  
  71  7:01  Extractor  
  71  7:03  Drone x3  
  73  7:10  Zergling x8  
  77  7:19  Drone x2  
  77  7:20  Zerg Melee Weapons Level 2, Drone  
  80  7:24  Zergling x6  
  80  7:27  Baneling x4  
  83  7:30  Zergling x8  
  87  7:39  Corruptor  
  87  7:41  Overlord x5  
  89  7:45  Zerg Flyer Weapons Level 1  
  89  7:50  Corruptor x3  
  95  8:02  Corruptor x2  
  95  8:03  Zergling x6  
  102  8:12  Corruptor x2  
  102  8:13  Zergling x2  
  107  8:30  Hatchery  
  106  8:35  Baneling x3  
  106  8:36  Infestation Pit, Baneling x2  
  105  8:49  Corruptor x3  
  105  8:50  Zergling x12, Hatchery  
  105  8:51  Zergling x16  
  124  9:04  Corruptor  
  124  9:05  Zergling x4  
  128  9:11  Zergling x2  
  102  9:24  Zergling x2  
  102  9:25  Zergling x18  
  104  9:40  Mutalisk x6  
  116  9:51  Drone x4  
  111  10:06  Hive  
  110  10:15  Drone x4  
  110  10:18  Unknown  
  107  10:29  Extractor  
  107  10:34  Zergling x4, Extractor  
  107  10:35  Zergling x22  
  104  10:52  Zergling x6  
  104  10:53  Zergling x8  
Tags
 
Add a new tag
Caveats
  • Supply blocks, unpowered buildings, or Contaminate may cause inaccurate times.
  • Supply counts are checked every 10 seconds.